 Dungeon Crawl Stone Soup version 0.30-a0-341-g682706514a (webtiles) character file.

Game seed: 17713197017066433736

6160 Engwar the Grappler (level 10, -5/104 HPs)
             Began as a Troll Fighter on Nov 2, 2022.
             Was a Believer of Wu Jian.
             Succumbed to a hornet's poison
             ... while paralysed by a hornet
             ... on level 8 of the Dungeon.
             The game lasted 00:12:06 (6420 turns).

Engwar the Grappler (Troll Fighter)                 Turns: 6420, Time: 00:12:06

Health: -5/104     AC:  4    Str: 26    XL:     10   Next: 60%
Magic:  9/9        EV:  1    Int: 11    God:    Wu Jian [**....]
Gold:   604        SH:  0    Dex:  9    Spells: 9/9 levels left

rFire   . . .      SeeInvis .      - Unarmed
rCold   + . .      Faith    .    b - +0 kite shield
rNeg    . . .      Spirit   .    a - +0 robe
rPois   .          Reflect  .    n - +0 hat {Int+3}
rElec   .          Harm     .    (no cloak)
rCorr   .          Rampage  .    (gloves unavailable)
Will    .....                    (boots unavailable)
Stlth   +.........               (no amulet)
HPRegen 1.17/turn                d - ring of protection from cold
MPRegen 0.11/turn                (no ring)

@: paralysed, lethally poisoned (-5 -> -23), slowed
A: large, unfitting armour, claws 3, regeneration 1, shaggy fur 1, tough skin 1
a: Renounce Religion, Wall Jump


You were on level 8 of the Dungeon.
You worshipped Wu Jian.
Wu Jian was pleased with you.
You visited 2 branches of the dungeon, and saw 10 of its levels.

You collected 604 gold pieces.

Inventory:

Missiles
 h - a throwing net (quivered)
Armour
 a - a +0 robe (worn)
 b - a +0 kite shield (worn)
 n - a +0 hat of intelligence (worn)
Jewellery
 d - a ring of protection from cold (left claw)
 f - a ring of ice
 l - a ring of wizardry
 v - a +6 ring of intelligence
Wands
 e - a wand of polymorph (7)
 g - a wand of flame (36)
 t - a wand of digging (3)
Scrolls
 p - 2 scrolls of teleportation
 r - a scroll of identify
Potions
 c - a potion of heal wounds
 i - 3 potions of haste
 j - 3 potions of curing
 k - a potion of mutation
 m - 2 potions of magic
 o - 3 potions of flight
 q - 2 potions of might
 s - a potion of cancellation
 u - a potion of brilliance {unknown}
 w - a potion of ambrosia {unknown}
 x - a potion of lignification {unknown}


   Skills:
 + Level 7.6 Fighting
 + Level 4.0 Dodging
 + Level 8.4 Shields
 * Level 12.3 Unarmed Combat


You had 9 spell levels left.
You didn't know any spells.
Your spell library contained the following spells:

 Spells                   Type           Power      Damage    Failure   Level
 Beastly Appendage        Tmut           0%         N/A       56%         1
 Wereblood                Tmut           0%         N/A       71%         2
 Ignite Poison            Fire/Tmut/Pois 0%         N/A       90%         3
 Kindle Blastsparks       Fire/Tloc/Air  0%         2d10      90%         3
 Spider Form              Tmut/Pois      0%         N/A       90%         3
 Freezing Cloud           Conj/Ice/Air   0%         6-21      100%        5
 Borgnjor's Revivificati  Necr           0%         N/A       100%        8
 Necromutation            Tmut/Necr      0%         N/A       100%        8
 Death's Door             Necr           0%         N/A       100%        9


Dungeon Overview and Level Annotations

Branches:
Dungeon (9/15)             Temple (1/1) D:6
   Lair: D:8-11         Orc: D:9-12

Altars:
Ashenzari
Cheibriados
Dithmenos
Hepliaklqana
Kikubaaqudgha
Nemelex Xobeh
Okawaru
Qazlal
Ru
Trog
Vehumet
Wu Jian
Xom
Zin
The Shining One

Shops:
D:2 =   D:6 =


Innate Abilities, Weirdness & Mutations

You are too large for most types of armour.
You have claws for hands.
Your natural rate of healing is unusually fast.
You are covered in fur. (AC +1)
You have tough skin. (AC +1)


Message History

The hornet completely misses you. You block the yak's attack.
The yak gores you but does no damage.
You climb upwards.
There is a stone staircase leading down here.
You closely miss the hornet. The hornet stings you.
You feel yourself slow down.
You scratch the hornet.
The hornet is lightly wounded.
You block the hornet's attack. You block the yak's attack.
The yak gores you but does no damage. The hornet stings you!
You feel as though you will be slow longer.
The yak gores you! The yak gores you. The hornet stings you.
You feel as though you will be slow longer.
You claw the hornet!
The hornet is moderately wounded.
You block the hornet's attack. The yak gores you. The yak gores you!
The hornet barely misses you.
You scratch the hornet.
The hornet is heavily wounded.
The yak barely misses you. The hornet barely misses you.
The yak gores you but does no damage.
You claw the hornet!
The hornet is almost dead.
The hornet stings you.
You suddenly lose the ability to move!
The yak gores you but does no damage. The yak gores you. The hornet stings you.
You are poisoned.
You feel as though you will be slow longer.
The yak gores you. The yak gores you!
You feel sick. The hornet stings you.
* * * LOW HITPOINT WARNING * * *
You are more poisoned.
You shrug off the repeated paralysis!
The hornet stings you!
* * * LOW HITPOINT WARNING * * *
You are lethally poisoned!
You feel as though you will be slow longer.
The yak gores you.
* * * LOW HITPOINT WARNING * * *
The yak gores you!
* * * LOW HITPOINT WARNING * * *
You die...

#.................
####.................
######........[.....).....
#......##.................
#.###.######.###.........#
#.# ♣.♣ ##..###.))......#
#.#♣♣.♣♣##...##.....[....#
#.............#.###.[....(
###♣♣.♣♣#@Y.....# ##...###
♣.♣ #Yy....## #<.####
#.###......# ###)####.
#..##......###...###..
##.............###...#
###.......##......###
#..[....##...######
#.......##...###...
##.....##........##


You could see 2 yaks and a hornet.

Vanquished Creatures
  Pikel (D:6)
  Psyche (D:8)
  Sigmund (D:5)
  8 yaks
  Eustachio (D:4)
  Menkaure (D:6)
  2 steam dragons (D:7)
  2 water moccasins
  An orc warrior (D:8)
  3 black bears
  An ogre (D:5)
  2 ice beasts
  3 centaurs
  A phantom (D:5)
  A lemure (D:6)
  A kobold brigand (D:7)
  Blork the orc (D:6)
  2 necrophages
  7 bullfrogs
  5 scorpions
  3 wights
  3 killer bees (D:8)
  2 hounds (D:6)
  6 orc priests
  2 jellies
  Ijyb (D:4)
  Terence (D:2)
  3 iguanas
  Natasha (twice) (D:4)
  5 orc wizards
  4 gnolls (D:5)
  4 adders
  2 white imps (D:7)
  A dart slug (D:2)
  20 orcs
  2 endoplasms
  5 giant cockroaches
  2 goblins
  3 hobgoblins
  2 jackals (D:2)
  2 quokkas
  3 ball pythons
  5 bats
  4 frilled lizards (D:3)
  11 kobolds
  3 rats
146 creatures vanquished.

Vanquished Creatures (others)
  2 fungi (D:3)
  A plant (D:6)
  4 toadstools (D:3)
7 creatures vanquished.

Grand Total: 153 creatures vanquished

Notes
Turn   | Place    | Note
-------+----------+-------------------------------------------
     0 | D:1      | Engwar the Troll Fighter began the quest for the Orb.
     0 | D:1      | Reached XP level 1. HP: 22/22 MP: 0/0
   619 | D:1      | Reached XP level 2. HP: 29/29 MP: 1/1
   905 | D:2      | Found a faded altar of an unknown god.
   977 | D:2      | Reached XP level 3. HP: 36/36 MP: 2/2
   997 | D:2      | Noticed Terence
  1005 | D:2      | Killed Terence
  1006 | D:2      | Reached skill level 3 in Unarmed Combat
  1033 | D:2      | Found Nuoppok's Jewellery Boutique.
  1420 | D:3      | Reached XP level 4. HP: 44/44 MP: 3/3
  1966 | D:4      | Noticed a black bear
  1977 | D:4      | Killed a black bear
  1978 | D:4      | Reached skill level 4 in Unarmed Combat
  1978 | D:4      | Reached XP level 5. HP: 53/53 MP: 4/4
  1987 | D:4      | Noticed Ijyb
  2001 | D:4      | Noticed a black bear
  2006 | D:4      | Killed Ijyb
  2012 | D:4      | Killed a black bear
  2013 | D:4      | Reached XP level 6. HP: 43/61 MP: 5/5
  2147 | D:4      | Noticed Natasha
  2157 | D:4      | Killed Natasha
  2158 | D:4      | Reached skill level 5 in Unarmed Combat
  2180 | D:4      | Identified the +8 great mace "Eviscerator" {vorpal, rC- rN+
                  | SInv}
  2401 | D:4      | Noticed Natasha
  2464 | D:4      | Killed Natasha
  2502 | D:4      | Noticed Eustachio
  2537 | D:4      | Killed Eustachio
  2538 | D:4      | Reached XP level 7. HP: 56/68 MP: 6/6
  2786 | D:5      | Entered Level 5 of the Dungeon
  2788 | D:5      | Identified a scroll of acquirement
  2788 | D:5      | Acquired a +0 hat of intelligence
  2796 | D:5      | Reached skill level 10 in Unarmed Combat
  2796 | D:5      | Reached XP level 8. HP: 84/84 MP: 7/7
  2869 | D:5      | Noticed Sigmund
  2881 | D:5      | Killed Sigmund
  2962 | D:5      | Found a snail-covered altar of Cheibriados.
  3072 | D:5      | Identified the +6 mace of Destruction {speed, Int+3 SInv}
  3130 | D:5      | Reached skill level 11 in Unarmed Combat
  3611 | D:6      | Found a staircase to the Ecumenical Temple.
  3628 | D:6      | Noticed Blork the orc
  3634 | D:6      | Killed Blork the orc
  3655 | D:6      | Reached XP level 9. HP: 92/92 MP: 8/8
  3756 | D:6      | Noticed Pikel
  3769 | D:6      | Killed Pikel
  3960 | Temple   | Entered the Ecumenical Temple
  4074 | Temple   | Became a worshipper of the Wu Jian Council
  4217 | D:6      | Found Goafogie's Jewellery Shoppe.
  4361 | D:6      | Noticed Menkaure
  4367 | D:6      | Killed Menkaure
  5147 | D:7      | Reached XP level 10. HP: 59/102 MP: 9/9
  5157 | D:7      | Reached * piety under Wu Jian
  5484 | D:7      | Found a sparkling altar of Nemelex Xobeh.
  5583 | D:7      | Found a stormy altar of Qazlal.
  5599 | D:7      | Found a radiant altar of Vehumet.
  5602 | D:7      | Found a sacrificial altar of Ru.
  5670 | D:8      | Reached skill level 12 in Unarmed Combat
  6120 | D:8      | Reached ** piety under Wu Jian
  6142 | D:8      | Noticed Psyche
  6153 | D:8      | Killed Psyche
  6418 | D:8      | Paralysed by a hornet for 3 turns
  6419 | D:8      | HP: 1/104 [yak (15)]
  6420 | D:8      | Succumbed to a hornet's poison

Illustrated notes

Levels and vault maps discovered:
D:1:      nagdon_arrival_double_spiral, layout_basic, due_unseen_surprise
D:2:      layout_basic, serial_shops, nicolae_square_shop,
          chequers_ecumenical_altar_grove, uniq_terence
D:3:      layout_basic, minmay_gold_behind_fungi
D:4:      layout_basic, kennysheep_cross_room, grunt_ministairs_15,
          uniq_eustachio, uniq_natasha, uniq_ijyb
D:5:      layout_cave_pods, amcnicky_altar_gilded, uniq_sigmund
D:6:      layout_layer_cave, temple_doors_e, serial_shops, shop,
          serial_bayou_crossing, uniq_menkaure, uniq_pikel, uniq_blork_the_orc
D:7:      layout_rooms, nemelex_altar_shiori, minmay_overflow_temple_star_quad
D:8:      layout_rooms, mrwooster_statue_mirror, minmay_tree_intersection,
          uniq_psyche
D:9:      layout_roguey, kennysheep_mini, hiddenorc2_lemuel,
          lightli_fourway_metalbox, uniq_harold
Temple:   regret_index_temple_generic_petals

Skill      XL: |  1  2  3  4  5  6  7  8  9 10 |
---------------+-------------------------------+-----
Shields        | 3 4 7 8 |  8.4
Unarmed Combat | 3 4 5 10 11 12 | 12.3
Fighting       | 3 6 7 |  7.6
Dodging        | 3 4 |  4.0

Action                   |  1- 3 |  4- 6 |  7- 9 | 10-12 || total
-------------------------+-------+-------+-------+-------++-------
Melee: Unarmed           |    53 |   146 |   173 |   109 ||   481
Invok: Lunge             |       |       |     3 |    12 ||    15
       Whirlwind         |       |       |       |     3 ||     3
  Use: Scroll            |     3 |     5 |     6 |     3 ||    17
       Potion            |       |     1 |     2 |       ||     3
Armor: Robe              |    15 |    35 |    17 |    20 ||    87
Dodge: Dodged            |    11 |    47 |    44 |    31 ||   133
Block: Kite shield       |    24 |    51 |    53 |    46 ||   174

Table legend: (Time is in decaauts)
 A = Elapsed time spent in this place.
 B = Non-inter-level travel time spent in this place.
 C = Inter-level travel time spent in this place.
 D = Time resting spent in this place.
 E = Time spent auto-exploring this place.
 F = Levels seen in this place.
 G = Mean time per level.
                   A        B        C        D        E       F      G
               +--------+--------+--------+--------+--------+-----+--------+
         Total |   6408 |   6069 |    339 |    236 |   4659 |  10 |  640.8 |
       Dungeon |   6239 |   5954 |    285 |    236 |   4560 |   9 |  693.2 |
        Temple |    169 |    115 |     54 |      0 |     99 |   1 |  169.0 |
               +--------+--------+--------+--------+--------+-----+--------+

Top non-repeatable levels by time:
     D:6: 1330 daAuts
     D:4: 816 daAuts
     D:5: 790 daAuts
     D:1: 732 daAuts
     D:8: 703 daAuts
     D:3: 698 daAuts
     D:7: 627 daAuts
     D:2: 536 daAuts
  Temple: 169 daAuts
     D:9: 3 daAuts
